 Dungeon Crawl Stone Soup version 0.20.1-1-g8b1a95d (webtiles) character file.

130 raph the Chopper (level 5, -2/45 HPs)
             Began as a Hill Orc Fighter on Sept 27, 2017.
             Slain by Crazy Yiuf
             ... wielding a +4 quarterstaff of chaos
              (3 damage)
             ... on level 3 of the Dungeon.
             The game lasted 00:05:12 (2587 turns).

raph the Chopper (Hill Orc Fighter)                 Turns: 2587, Time: 00:05:12

Health: -2/45      AC:  9    Str: 24    XL:     5   Next: 13%
Magic:  5/5        EV:  8    Int:  8    God:
Gold:   159        SH:  0    Dex: 11    Spells: 4/4 levels left

rFire    . . .     SeeInvis +   a - +0 war axe
rCold    . . .     Gourm    .   (no shield)
rNeg     . . .     Faith    .   r - +0 chain mail
rPois    .         Spirit   .   (no helmet)
rElec    .         Reflect  .   (no cloak)
rCorr    .         Harm     .   (no gloves)
MR       +....                  (no boots)
Stlth    ..........             (no amulet)
Regen    0.2/turn               l - ring of see invisible
MPRegen  0.1/turn               q - ring of protection from magic

@: mighty
A: no striking features
a: no special abilities


You were on level 3 of the Dungeon.
You were not hungry.

You visited 1 branch of the dungeon, and saw 3 of its levels.

You collected 159 gold pieces.

Inventory:

Hand Weapons
 a - a +0 war axe (weapon)
 u - a +0 broad axe
Armour
 b - a +0 scale mail
 c - a +0 shield
 r - a +0 chain mail (worn)
Jewellery
 l - a ring of see invisible (left hand)
 q - a ring of protection from magic (right hand)
 x - an uncursed ring of fire {unknown}
Wands
 t - a wand of lightning (3/15)
Scrolls
 e - 4 scrolls of teleportation {unknown}
 g - a scroll of fear {unknown}
 i - a scroll of enchant weapon {unknown}
 k - a scroll of fog {unknown}
 n - a scroll of enchant armour {unknown}
 p - a scroll of identify {unknown}
 s - 2 scrolls of recharging {unknown}
 y - a scroll of random uselessness {unknown}
Potions
 d - 2 potions of might
 j - a potion of magic {unknown}
 m - a potion of curing {unknown}
 o - a potion of flight {unknown}
 z - a potion of mutation {unknown}
Comestibles
 f - 3 bread rations
 h - 2 meat rations
 v - a chunk of flesh
 w - 2 fruits


   Skills:
 - Level 3.6 Fighting
 * Level 6.8 Axes
 - Level 3.2 Armour
 - Level 3.2 Shields


You had 4 spell levels left.
You didn't know any spells.

Dungeon Overview and Level Annotations

Branches:
Dungeon (3/15)

Altars:

Annotations:
D:3 Crazy Yiuf


Message History

Crazy Yiuf is heavily wounded.
Crazy Yiuf says, "Shadow agre koolooloo!"
Crazy Yiuf hits you with a quarterstaff of chaos!
Crazy Yiuf completely misses you.
You hit Crazy Yiuf but do no damage.
Crazy Yiuf is heavily wounded.
Crazy Yiuf says, "Trifle Orb Guardian bush!"
Crazy Yiuf hits you with a quarterstaff of chaos!
You are electrocuted!
Crazy Yiuf says, "Aardvark!"
Crazy Yiuf hits you with a quarterstaff of chaos!
* * * LOW HITPOINT WARNING * * *
You feel very mighty all of a sudden. Crazy Yiuf hits you but does no damage.
You closely miss Crazy Yiuf.
Crazy Yiuf is heavily wounded.
Crazy Yiuf hits you with a quarterstaff of chaos.
* * * LOW HITPOINT WARNING * * *
Space bends around you.
You die...

#.# #....# #.# ♣PP..♣
#.# ♣♣.P.♣
##########.# ♣♣.♣♣
...........# ♣♣.♣
.......##### ♣.♣♣
.......# ♣♣.♣ .......#
♣.♣♣ .......# #@#
.......# #.g.#
.......# #...#
.......# #)..#
.####### ##### ......
###### #############
##########...........#
................##.###


You could see Crazy Yiuf.

Vanquished Creatures
  8 adders
  A worm (D:2)
  2 leopard geckos
  2 ball pythons (D:1)
  3 giant cockroaches
  5 goblins
  4 hobgoblins
  7 jackals
  7 kobolds
  4 bats
  5 frilled lizards
  6 rats
54 creatures vanquished.

Notes
Turn   | Place    | Note
-------+----------+-------------------------------------------
     0 | D:1      | raph the Hill Orc Fighter began the quest for the Orb.
     0 | D:1      | Reached XP level 1. HP: 19/19 MP: 1/1
   100 | D:1      | Reached skill level 3 in Axes
   189 | D:1      | Reached XP level 2. HP: 22/26 MP: 2/2
   314 | D:1      | Reached skill level 4 in Axes
   726 | D:1      | Reached XP level 3. HP: 31/31 MP: 3/3
  1228 | D:2      | Reached skill level 5 in Axes
  1550 | D:2      | Reached XP level 4. HP: 30/39 MP: 4/4
  2181 | D:2      | Reached skill level 6 in Axes
  2306 | D:3      | Reached XP level 5. HP: 18/45 MP: 5/5
  2556 | D:3      | Found a runed door.
  2580 | D:3      | Noticed Crazy Yiuf
  2587 | D:3      | HP: 1/45 [Crazy Yiuf/quarterstaff of chaos (4)]
  2587 | D:3      | Slain by Crazy Yiuf

Skill      XL: |  1  2  3  4 |
---------------+-------------+-----
Axes           | 3 4 5 6 |  6.8
Fighting       | |  3.6
Armour         | |  3.2
Shields        | |  3.2

Action                   |  1- 3 |  4- 6 || total
-------------------------+-------+-------++-------
Melee: War axe           |   107 |   121 ||   228
       Broad axe         |       |    10 ||    10
  Use: Potion            |       |     2 ||     2
  Eat: Chunk             |     2 |     4 ||     6
Armor: Scale mail        |    57 |       ||    57
       Chain mail        |    12 |    99 ||   111
Dodge: Dodged            |    60 |    61 ||   121
